 Dungeon Crawl Stone Soup version 0.32-a0-128-g77eb882913 (webtiles) character file.

Game seed: 13689225704751523061

1491 BubbleThief the Trooper (level 8, -2/80 HPs)
             Began as a Naga Cinder Acolyte on Feb 8, 2024.
             Was a High Priest of Ignis.
             Slain by a gnoll
             ... wielding a +0 flail
             ... led by a gnoll sergeant
              (8 damage)
             ... on level 7 of the Dungeon.
             The game lasted 00:10:51 (5637 turns).

BubbleThief the Trooper (Naga Cinder Acolyte)       Turns: 5637, Time: 00:10:52

Health: -2/80      AC: 10    Str: 16    XL:     8   Next: 80%
Magic:  15/17      EV:  9    Int: 24    God:    Ignis [*****.]
Gold:   359        SH:  0    Dex: 12    Spells: 17/19 levels left

rFire   + + .        a - +8 hand axe of Resumed Hostilities {flame, +Blink}
rCold   + . .        (no shield)
rNeg    . . .        b - +0 robe
rPois   +            (no helmet)
rElec   .            k - scarf {rC+ rF+}
rCorr   .            (no gloves)
SInv    +            (no barding)
Will    +....        w - amulet of magic regeneration
Stlth   +            r - +6 ring of intelligence
HPRegen 0.33/turn    s - +6 ring of dexterity
MPRegen 0.55/turn

%: no passive effects
@: fiery-armoured, very slow
A: AC +2, large, see invisible, deformed body, poison resistance, slowness 2,
spit poison 1, naga tail 1
a: Spit Poison, Renounce Religion, Evoke Blink, Fiery Armour, Foxfire Swarm,
Rising Flame


You were on level 7 of the Dungeon.
You worshipped Ignis.
Ignis was extremely pleased with you.
You visited 1 branch of the dungeon, and saw 7 of its levels.

You collected 359 gold pieces.

Inventory:

Hand Weapons
 a - the +8 hand axe of Resumed Hostilities (weapon) {flame, +Blink}
   (You found it on level 5 of the Dungeon)

   +Blink:    It lets you blink.
 n - a +2 whip of draining
 y - a +1 flail of protection
Missiles
 m - 3 throwing nets
Armour
 b - a +0 robe (worn)
 k - a scarf of resistance (worn)
Jewellery
 r - a +6 ring of intelligence (left hand)
 s - a +6 ring of dexterity (right hand)
 w - an amulet of magic regeneration (around neck)
Scrolls
 c - a scroll of enchant armour {unknown}
 d - 9 scrolls of identify {unknown}
 f - a scroll of blinking {unknown}
 h - 3 scrolls of teleportation {unknown}
 i - 2 scrolls of immolation
 j - a scroll of torment {unknown}
 p - a scroll of summoning {unknown}
 q - a scroll of amnesia {unknown}
 u - 3 scrolls of enchant weapon {unknown}
 z - a scroll of poison {unknown}
Potions
 e - 2 potions of curing
 g - 3 potions of magic {unknown}
 l - a potion of mutation {unknown}
 o - a potion of attraction {unknown}
 t - a potion of ambrosia {unknown}
 v - a potion of heal wounds {unknown}
 x - a potion of resistance {unknown}


   Skills:
 + Level 7.0 Fighting
 - Level 3.2 Maces & Flails
 - Level 6.0 Spellcasting
 - Level 6.0 Fire Magic


You had 17 spell levels left.
You knew the following spells:

 Your Spells              Type           Power      Damage    Failure   Level
a - Scorch                Fire           72%        2d8       1%          2

Your spell library contained the following spells:

 Spells                   Type           Power      Damage    Failure   Level
 Freeze                   Ice            28%        1d5       8%          1
 Shock                    Conj/Air       28%        1d4       8%          1
 Frozen Ramparts          Ice            14%        1d3       24%         3
 Hailstorm                Conj/Ice       7%         3d5       24%         3
 Swiftness                Air            7%         N/A       24%         3
 Airstrike                Air            3%         2d(1-17)  61%         4


Dungeon Overview and Level Annotations

Branches:
Dungeon (7/15)             Temple (0/1) D:6

Altars:
Cheibriados
Nemelex Xobeh
Trog


Innate Abilities, Weirdness & Mutations

Your serpentine skin is tough. (AC +2)
You have supernaturally acute eyesight. (SInv)
Armour fits poorly on your strangely shaped body.
Your system is resistant to poisons. (rPois)
You cover ground very slowly.
You can spit poison.
You have a snake-like lower body.


Message History

The centaur kicks you but does no damage.
Casting: Scorch (safe; 1% risk of failure)
Confirm with . or Enter, or press ? or * to list all spells.
Flames lash the kobold.
The kobold is heavily wounded.
The kobold's fire resistance burns away.
The centaur closely misses you. The centaur barely misses you.
The centaur hits you.
* * * LOW HITPOINT WARNING * * *
The centaur kicks you but does no damage.
You hit the centaur. You burn the centaur.
You kill the centaur!
A kobold comes into view. It is wielding a +0 whip.
Your Fighting skill increases to level 7!
Unknown command.
You slash the kobold! You burn the kobold.
You kill the kobold!
You have got your breath back.
The orc priest hits you with a +0 short sword.
* * * LOW HITPOINT WARNING * * *
Unknown command.
A protective cloak of flame settles atop you.
The orc priest invokes the aid of Beogh against you.
Beogh smites you!
* * * LOW HITPOINT WARNING * * *
The orc priest hits you but does no damage.
The orc priest is burned by your cloak of flames.
The orc priest is lightly wounded.
A gnoll comes into view. It is wielding a +0 whip.
You hear a shout!
It was a potion of curing.
You feel better.
The orc priest mumbles some strange prayers to Beogh against you.
Beogh smites you!
* * * LOW HITPOINT WARNING * * *
The orc priest hits you but does no damage.
The orc priest is burned by your cloak of flames.
The orc priest is moderately wounded.
The gnoll hits you with a +0 flail!
You die...
Ignis goes out, and joins you in death.

##.# #..# #.##
##.# #.## #.#
##.# ##..###
##o@...###
##.g##....#
#.######......
#o## ###...


KK# #. .KY# ..... .... ... You could see an ice beast, 2 orc priests, a gnoll
and 3 kobolds.

Vanquished Creatures
  2 water moccasins
  2 sky beasts
  3 centaurs
  A kobold brigand (D:7)
  A bullfrog (D:6)
  A jelly (D:5)
  An orc priest (D:6)
  3 hounds
  3 iguanas
  2 sleepcaps (D:5)
  11 adders
  20 gnolls
  2 ufetubi (D:4)
  6 ribbon worms
  3 dart slugs
  7 orcs
  11 endoplasms
  12 giant cockroaches
  10 goblins
  9 hobgoblins
  4 jackals (D:1)
  16 kobolds
  3 quokkas
  5 ball pythons
  7 bats
  3 rats
148 creatures vanquished.

Notes
Turn   | Place    | Note
-------+----------+-------------------------------------------
     0 | D:1      | BubbleThief the Naga Cinder Acolyte began the quest for the
                  | Orb.
     0 | D:1      | Reached XP level 1. HP: 21/21 MP: 2/2
   133 | D:1      | Reached XP level 2. HP: 19/28 MP: 4/4
   136 | D:1      | Learned a level 2 spell: Scorch
   324 | D:1      | Found a faded altar of an unknown god.
   484 | D:1      | Reached XP level 3. HP: 34/34 MP: 5/5
  1120 | D:2      | Reached XP level 4. HP: 19/42 MP: 2/7
  1699 | D:2      | Reached XP level 5. HP: 42/48 MP: 1/9
  2598 | D:3      | Reached skill level 5 in Fire Magic
  2603 | D:3      | Reached XP level 6. HP: 41/56 MP: 3/11
  4046 | D:5      | Entered Level 5 of the Dungeon
  4131 | D:5      | Noticed a water moccasin
  4137 | D:5      | Killed a water moccasin
  4138 | D:5      | Reached XP level 7. HP: 41/62 MP: 3/13
  4279 | D:5      | Found a snail-covered altar of Cheibriados.
  4318 | D:5      | Reached skill level 5 in Spellcasting
  4966 | D:5      | Identified the +8 hand axe of Resumed Hostilities {flame,
                  | +Blink}
  5036 | D:6      | Reached XP level 8. HP: 56/72 MP: 13/17
  5087 | D:6      | Found a staircase to the Ecumenical Temple.
  5091 | D:6      | Reached skill level 4 in Fighting
  5152 | D:6      | Found a sparkling altar of Nemelex Xobeh.
  5154 | D:6      | Found a bloodstained altar of Trog.
  5191 | D:6      | Reached skill level 5 in Fighting
  5256 | D:6      | Noticed a boulder beetle
  5427 | D:7      | Reached skill level 6 in Fighting
  5635 | D:7      | Reached skill level 7 in Fighting
  5636 | D:7      | HP: 3/80 [orc priest/divine providence (17)]
  5637 | D:7      | Slain by a gnoll

Illustrated notes

Levels and vault maps discovered:
D:1:      sevenhm_arrival_forest_fort_large_4, layout_basic,
          hellmonk_ecumenical_altar_blasted
D:2:      minmay_roachtagon, layout_basic, serial_park_tiny_1,
          minmay_misc_feat_five, minmay_hexomino_u4
D:3:      layout_loops_cross
D:4:      layout_basic, minmay_fractal_squares_diagonal_5
D:5:      layout_cave_pools, cheibriados_altar_1, grunt_ministairs_14
D:6:      minmay_general_purpose_star, layout_loops_ring,
          mainiacjoe_overflow_catwalk_spiral, nicolae_overflow_squiral,
          minmay_temple_entry_butterflies, serial_shops, nicolae_lakefront_shop,
          grunt_decor_arrowhead, kb_rosetta
D:7:      layout_cave_pods

Skill      XL: |  1  2  3  4  5  6  7  8 |
---------------+-------------------------+-----
Spellcasting   | 2 3 4 6 |  6.0
Fire Magic     | 4 5 6 |  6.0
Fighting       | 7 |  7.0
Maces & Flails | |  3.2

Action                     |  1- 3 |  4- 6 |  7- 9 || total
---------------------------+-------+-------+-------++-------
  Melee: Mace              |    36 |    17 |       ||    53
         Punch             |       |     4 |       ||     4
         Whip              |       |    15 |       ||    15
         Flail             |       |       |     8 ||     8
         Hand axe          |       |       |    10 ||    10
   Cast: Scorch            |    15 |    66 |    71 ||   152
 Invoke: Fiery Armour      |     1 |       |     1 ||     2
Ability: Spit Poison       |    26 |    33 |    21 ||    80
    Use: Potion            |       |       |     1 ||     1
 Armour: Robe              |    46 |    47 |    71 ||   164
  Dodge: Dodged            |    30 |    37 |    41 ||   108

Table legend: (Time is in decaauts)
 A = Elapsed time spent in this place.
 B = Non-inter-level travel time spent in this place.
 C = Inter-level travel time spent in this place.
 D = Time resting spent in this place.
 E = Time spent auto-exploring this place.
 F = Levels seen in this place.
 G = Mean time per level.
                   A        B        C        D        E       F      G
               +--------+--------+--------+--------+--------+-----+--------+
         Total |   6962 |   6792 |    170 |    202 |   5661 |   7 |  994.6 |
       Dungeon |   6962 |   6792 |    170 |    202 |   5661 |   7 |  994.6 |
               +--------+--------+--------+--------+--------+-----+--------+

Top non-repeatable levels by time:
     D:4: 1437 daAuts
     D:2: 1360 daAuts
     D:1: 1284 daAuts
     D:3: 1159 daAuts
     D:5: 938 daAuts
     D:7: 450 daAuts
     D:6: 332 daAuts
